 Dungeon Crawl Stone Soup version 0.24-a0-222-g1ac5efaa63 (webtiles) character file.

Game seed: 4560685851621268188

53 Redear the Sneak (level 3, -2/21 HPs)
             Began as an Octopode Fire Elementalist on Mar 31, 2019.
             Slain by an orc wizard
             ... wielding a +0 dagger
              (5 damage)
             ... on level 2 of the Dungeon.
             The game lasted 00:06:24 (1512 turns).

Redear the Sneak (Octopode Fire Elementalist)       Turns: 1512, Time: 00:06:25

Health: -2/21      AC:  1    Str:  7    XL:     3   Next: 89%
Magic:  6/6        EV: 13    Int: 18    God:
Gold:   42         SH:  0    Dex: 12    Spells: 3/7 levels left

rFire    . . .     SeeInvis .   c - -3 spear (curse)
rCold    . . .     Gourm    .   (no shield)
rNeg     . . .     Faith    .   (helmet restricted)
rPois    .         Spirit   .   (no amulet)
rElec    .         Reflect  .   (no ring)
rCorr    .         Harm     .   (no ring)
MR       .....                  (no ring)
Stlth    +++.......             (no ring)
HPRegen  0.07/turn              (no ring)
MPRegen  0.10/turn              (no ring)
                                (no ring)
                                (no ring)

@: no status effects
A: almost no armour, stealthy swim, amphibious, 8 rings, constrict 8, camouflage
1, gelatinous body 1
a: no special abilities


You were on level 2 of the Dungeon.
You were not hungry.

You visited 1 branch of the dungeon, and saw 2 of its levels.

You collected 42 gold pieces.

Inventory:

Hand Weapons
 c - a cursed -3 spear (weapon)
 g - a +1 dagger of draining
Missiles
 Q - 82 stones (quivered)
Armour
 i - a +0 buckler
Scrolls
 a - a scroll of immolation {unknown}
 h - a scroll of remove curse {unknown}
Potions
 d - a potion of curing
 f - a potion of berserk rage {unknown}
Comestibles
 b - 6 rations


   Skills:
 - Level 2.0 Dodging
 + Level 3.7 Stealth
 + Level 2.5 Spellcasting
 + Level 1.9 Conjurations
 + Level 3.4 Fire Magic


You had 3 spell levels left.
You knew the following spells:

 Your Spells              Type           Power        Failure   Level  Hunger
a - Flame Tongue          Conj/Fire      ##...        6%          1    #......
c - Conjure Flame         Conj/Fire      ##......     17%         3    ###....

Your spell library contained the following spells:

 Spells                   Type           Power        Failure   Level  Hunger
 Throw Flame              Conj/Fire      ##....       9%          2    ##.....
 Inner Flame              Hex/Fire       #.......     26%         3    ###....
 Sticky Flame             Conj/Fire      ##......     50%         4    #####..
 Fireball                 Conj/Fire      ##........   85%         5    ######.


Dungeon Overview and Level Annotations

Branches:
Dungeon (2/15)

Altars:

Annotations:
D:2 Robin


Innate Abilities, Weirdness & Mutations

You cannot wear most types of armour.
You are very stealthy in the water. (Stealth+)
You are amphibious.
You can wear up to eight rings at the same time.
You can use your tentacles to constrict eight enemies at once.
Your skin changes colour to match your surroundings (Stealth+).
Your rubbery body absorbs attacks. (AC +1, EV +1)


Message History

An orc priest comes into view.
It is wielding a +0 trident. 2 orcs and an orc wizard come into view.
The orc shouts!
The orc wizard shouts!
The orc priest shouts!
The orc priest mumbles some strange prayers to Beogh against you.
Pain shoots through your body!
Ouch! That really hurt!
* * * LOW HITPOINT WARNING * * *
You take 13 damage, and have 6/21 hp.
MASSIVE DAMAGE!!
Unknown command.
Okay, then.
Okay, then.
Unknown command.
Okay, then.
Unknown command.
It was a potion of cancellation.
You feel magically purged.
The orc hits you from afar with a +0 trident.
* * * LOW HITPOINT WARNING * * *
The orc wizard hits you with a +0 dagger.
You die...

#.................>.#
.....#####......#......#
...#. #.............# ..
..#####.(.....รท...... .
.............#.......#
###+#######..............
........###............##
%.......##.....######....
....o..o@.............g##
......oo#......#..####.##
......o.##........##..g)g
........##....#...###..##
........##....#...# #..##
........##...)..... #..##
##########......... #gg##
#..?..... #g.## #........
gg.##


You could see an orc priest, an orc wizard and 3 orcs.

Levels and vault maps discovered:
D:1:      lightli_arrival_windingriver, layout_basic, hex_large,
          minmay_heptomino_d4
D:2:      layout_basic, gammafunk_temple_overflow_elements, elyvilon_altar_5,
          kennysheep_okawaru_gauntlet, first_ration, kennysheep_generic_room_8,
          uniq_robin, uniq_jessica

Notes
Turn   | Place    | Note
-------+----------+-------------------------------------------
     0 | D:1      | Redear the Octopode Fire Elementalist began the quest for
                  | the Orb.
     0 | D:1      | Reached XP level 1. HP: 11/11 MP: 3/3
   210 | D:1      | Identified a cursed -3 spear (You found it on level 1 of
                  | the Dungeon)
   221 | D:1      | Identified a scroll of identify
   234 | D:1      | Identified a +0 club
   242 | D:1      | Reached skill level 3 in Stealth
   242 | D:1      | Reached XP level 2. HP: 12/17 MP: 0/5
   260 | D:1      | Identified a +0 club
   284 | D:1      | HP: 3/17 [rat (2)]
   359 | D:1      | Identified a +0 club
   831 | D:1      | Reached XP level 3. HP: 21/21 MP: 3/6
  1133 | D:2      | Identified a +0 club
  1133 | D:2      | Identified a +0 club
  1140 | D:2      | Learned a level 3 spell: Conjure Flame
  1143 | D:2      | Identified a +0 club
  1143 | D:2      | Identified a +1 dagger of draining
  1144 | D:2      | Identified a +5 club
  1144 | D:2      | Identified a +0 animal skin
  1144 | D:2      | Identified a +0 helmet
  1144 | D:2      | Noticed Robin
  1145 | D:2      | Identified a +0 dagger of speed
  1145 | D:2      | Identified a +0 club
  1145 | D:2      | Identified a +0 club
  1147 | D:2      | Identified a +0 club
  1175 | D:2      | HP: 1/21 [hobgoblin/+0 club[Robin] (7)]
  1177 | D:1      | Identified 2 potions of curing
  1391 | D:2      | Identified a +0 club
  1407 | D:2      | Identified a +0 buckler
  1501 | D:2      | Identified a +0 ring mail
  1508 | D:2      | Identified a +0 trident
  1508 | D:2      | Identified a +0 leather armour
  1509 | D:2      | Identified a +0 hand axe
  1509 | D:2      | Identified a +0 dagger
  1509 | D:2      | Identified a +0 robe
  1509 | D:2      | Identified a +0 trident
  1509 | D:2      | Identified a +0 scale mail
  1512 | D:2      | Identified a potion of cancellation
  1512 | D:2      | HP: 3/21 [orc/+0 trident (3)]
  1512 | D:2      | Slain by an orc wizard

Table legend:
 A = Turns spent in this place as a percentage of turns spent in the entire game.
 B = Non-inter-level travel turns spent in this place as a percentage of non-inter-level travel turns spent in the entire game.
 C = Inter-level travel turns spent in this place as a percentage of turns spent in this place.
 D = Turns resting spent in this place as a percentage of non-inter-level travel turns spent in this place.
 E = Turns spent auto-exploring this place as a percentage of non-inter-level travel turns spent in this place.
 F = Non-inter-level travel turns spent in this place divided by the number of levels of this place that you've seen.
                   A       B       C       D       E      F
               +-------+-------+-------+-------+-------+----------------------
         Total | 100.0 | 100.0 |   2.4 |  30.2 |  44.1 | 737.5
       Dungeon | 100.0 | 100.0 |   2.4 |  30.2 |  44.1 | 737.5
               +-------+-------+-------+-------+-------+----------------------

Table legend:
 A = Kills in this place as a percentage of kills in entire the game.
 B = Kills by you in this place as a percentage of kills by you in the entire game.
 C = Kills by friends in this place as a percentage of kills by friends in the entire game.
 D = Other kills in this place as a percentage of other kills in the entire game.
 E = Experience gained in this place as a percentage of experience gained in the entire game.
 F = Experience gained in this place divided by the number of levels of this place that you have seen.
                   A       B       C       D       E      F
               +-------+-------+-------+-------+-------+----------------------
         Total | 100.0 | 100.0 |   N/A |   N/A | 100.0 |  38.5
       Dungeon | 100.0 | 100.0 |   N/A |   N/A | 100.0 |  38.5
               +-------+-------+-------+-------+-------+----------------------

Skill      XL: |  1 |
---------------+----+-----
Stealth        | 3 |  3.7
Dodging        | |  2.0
Spellcasting   | |  2.5
Conjurations   | |  1.9
Fire Magic     | |  3.4

Action                   || total
-------------------------++-------
Melee: Unarmed           ||     5
       Spear             ||    40
       Constrict         ||    14
       Tentacles         ||     5
 Cast: Flame Tongue      ||    43
  Use: Scroll            ||     1
       Potion            ||     2
 Stab: Sleeping          ||     1
  Eat: Chunk             ||     2
Armor: Skin              ||     6
Dodge: Dodged            ||    41

Vanquished Creatures
  An adder (D:2)
  A dart slug (D:1)
  A leopard gecko (D:1)
  2 giant cockroaches (D:1)
  11 goblins
  5 hobgoblins
  4 jackals
  2 kobolds (D:1)
  A ball python (D:2)
  4 bats
  2 frilled lizards (D:1)
  3 rats
37 creatures vanquished.
